Map: Ever Dream LE

Players

antagomiR

  • Race: Protoss Protoss
  • League: Gold
  • Spawn Location: 1:00

PoiSonMonkee - Winner!

  • Race: Protoss Protoss
  • League: Gold
  • Spawn Location: 7:00

VOD

Have the link to the VOD?

Description

Time

  • Played on: April 3, 2020, 6:18 p.m.
  • Length: 17:23
Show
View Real Time Build Order
Export as new Build Order

antagomiR Protoss 

Build Orders:  

Get SALT Encoding   

  12  0:01  Probe  
  13  0:13  Probe  
  14  0:18  Pylon  
  14  0:25  Probe  
  15  0:37  Probe  
  15  0:38  Gateway  
  16  0:49  Probe  
  17  0:56  Assimilator  
  17  1:01  Probe  
  18  1:06  Assimilator  
  18  1:27  Probe  
  19  1:37  Cybernetics Core  
  19  1:40  Pylon  
  20  1:47  Probe  
  20  1:49  Zealot  
  22  1:59  Probe  
  23  2:07  Warp Gate (Chrono Boost)  
  23  2:11  Probe  
  24  2:23  Probe  
  24  2:29  Robotics Facility  
  25  2:38  Probe  
  26  2:47  Gateway  
  26  2:48  Gateway, Stalker (Chrono Boost)  
  26  2:50  Probe, Pylon  
  29  3:02  Probe  
  30  3:10  Pylon  
  30  3:14  Probe  
  31  3:26  Probe, Observer  
  33  3:38  Probe  
  33  3:39  Nexus  
  33  3:41  Pylon  
  33  3:49  Sentry  
  35  3:58  Stalker  
  35  3:59  Stalker  
  39  4:06  Shield Battery  
  39  4:08  Probe  
  40  4:13  Observer  
  41  4:20  Probe  
  41  4:23  Pylon  
  42  4:26  Twilight Council  
  42  4:33  Zealot  
  42  4:34  Sentry, Assimilator  
  42  4:36  Sentry  
  48  4:44  Probe  
  49  4:56  Probe  
  50  5:08  Probe  
  50  5:13  Gateway x2  
  51  5:20  Probe x2, Forge  
  53  5:22  Forge  
  53  5:32  Probe x2, Pylon  
  55  5:39  Stalker  
  55  5:41  Stalker  
  59  5:47  Probe x2  
  61  5:51  Pylon  
  61  5:53  Protoss Ground Weapons Level 1 (Chrono Boost)  
  61  5:59  Probe  
  62  6:07  Templar Archives  
  62  6:16  Probe  
  62  6:17  Probe  
  64  6:20  Pylon  
  64  6:25  Protoss Ground Armor Level 1 (Chrono Boost)  
  64  6:27  Photon Cannon  
  64  6:28  Probe  
  64  6:29  Probe  
  64  6:31  Photon Cannon  
  66  6:39  Stalker  
  68  6:40  Probe  
  69  6:58  Probe x2  
  71  7:04  Assimilator, Stalker x3  
  77  7:10  Probe x2  
  79  7:22  Probe x2  
  81  7:28  Stalker x3  
  81  7:29  Stalker x2  
  91  7:39  Probe x2  
  93  7:51  Probe, Observer (Chrono Boost)  
  94  7:52  Probe  
  96  8:03  Probe  
  96  8:04  Probe  
  98  8:15  Probe  
  98  8:16  Probe  
  98  8:17  Protoss Ground Weapons Level 2 (Chrono Boost)  
  100  8:30  High Templar  
  102  8:42  Pylon  
  102  9:08  Stalker  
  102  9:09  Stalker x3  
  96  9:14  Probe  
  96  9:15  Probe  
  90  9:26  Probe  
  90  9:27  Probe  
  92  9:38  Nexus  
  92  9:39  Probe x2  
  92  9:41  Pylon  
  92  9:43  Pylon  
  92  9:44  Sentry x2  
  98  9:46  Stalker x3  
  98  9:51  Probe x2  
  106  10:01  Shield Battery  
  106  10:03  Probe x2  
  106  10:04  Photon Cannon  
  108  10:07  Photon Cannon  
  108  10:11  Assimilator  
  108  10:12  Dark Shrine  
  108  10:22  Probe x2  
  108  10:26  High Templar x3  
  116  10:30  Archon x2  
  116  10:34  Probe x2  
  118  10:36  Stalker x2  
  122  10:43  Protoss Ground Armor Level 2  
  122  10:46  Probe  
  123  11:18  Nexus  
  123  11:19  Pylon x2  
  123  11:21  High Templar, Pylon  
  123  11:22  Pylon, High Templar x2  
  123  11:23  Pylon  
  123  11:25  Pylon  
  129  11:32  Photon Cannon  
  129  11:35  Photon Cannon  
  129  11:38  Photon Cannon  
  129  11:41  Photon Cannon  
  129  11:44  Photon Cannon  
  129  11:48  Photon Cannon  
  129  11:49  Photon Cannon  
  129  11:50  Photon Cannon x2  
  129  11:51  Photon Cannon  
  129  11:55  Photon Cannon  
  129  11:58  Photon Cannon  
  129  12:02  Shield Battery  
  129  12:06  Assimilator  
  129  12:07  Assimilator  
  129  12:08  Assimilator  
  129  12:12  High Templar  
  129  12:13  High Templar x2  
  129  12:15  Archon  
  135  12:16  Archon  
  135  12:17  Archon  
  135  12:20  High Templar  
  137  12:25  Observer (Chrono Boost)  
  138  12:42  High Templar  
  140  13:03  High Templar x2  
  140  13:05  High Templar  
  146  13:12  Archon x2  
  146  13:25  Protoss Ground Weapons Level 3 (Chrono Boost)  
  146  13:35  Protoss Ground Armor Level 3 (Chrono Boost)  
  146  13:47  Probe x2  
  148  13:59  Probe  
  149  14:27  High Templar  
  149  14:28  High Templar x4  
  159  14:31  Archon  
  159  14:32  Archon x2  
  159  15:08  Gateway  
  159  15:10  Gateway  
  159  15:12  Pylon  
  159  15:13  Gateway  
  159  15:17  Gateway  
  159  15:21  Gateway  
  159  15:29  Pylon  
  159  15:30  Gateway, High Templar x3  
  159  15:31  High Templar x2  
  169  15:42  Archon x2  
  82  16:20  Stalker  
  82  16:21  Stalker x4  
  82  16:22  Stalker x5  
  102  16:30  Stalker  
  103  16:51  Stalker x2  
  103  16:52  Stalker x3  
  103  16:53  Stalker x4  
  103  16:54  Stalker  
  105  17:01  Stalker  
Show
View Real Time Build Order
Export as new Build Order

PoiSonMonkee Protoss - Winner!

Build Orders: Nexus First, Carriers 

Get SALT Encoding   

  12  0:05  Probe (Chrono Boost)  
  13  0:12  Probe (Chrono Boost)  
  14  0:19  Probe  
  15  0:48  Nexus  
  15  1:00  Pylon  
  15  1:19  Probe (Chrono Boost)  
  16  1:26  Forge  
  16  1:27  Probe (Chrono Boost)  
  17  1:49  Gateway  
  17  1:55  Pylon  
  17  1:56  Assimilator  
  17  2:05  Photon Cannon  
  17  2:10  Probe (Chrono Boost)  
  18  2:18  Probe (Chrono Boost)  
  19  2:24  Probe (Chrono Boost)  
  21  2:30  Probe (Chrono Boost), Photon Cannon  
  21  2:32  Probe (Chrono Boost)  
  21  2:36  Probe (Chrono Boost), Pylon  
  23  2:43  Cybernetics Core  
  23  2:48  Probe  
  24  2:51  Photon Cannon  
  24  3:05  Photon Cannon  
  24  3:15  Photon Cannon  
  24  3:16  Pylon  
  24  3:26  Pylon  
  24  3:30  Pylon  
  24  3:36  Assimilator  
  24  3:37  Probe (Chrono Boost)  
  25  3:47  Probe (Chrono Boost), Pylon  
  27  3:50  Probe (Chrono Boost)  
  28  3:56  Assimilator  
  28  3:57  Probe x2 (Chrono Boost)  
  28  4:00  Assimilator  
  28  4:02  Probe (Chrono Boost)  
  30  4:13  Stargate  
  30  4:14  Probe  
  31  4:18  Photon Cannon  
  31  4:26  Probe (Chrono Boost)  
  32  4:35  Probe (Chrono Boost)  
  32  4:36  Pylon  
  33  4:39  Stargate  
  33  4:40  Probe (Chrono Boost)  
  34  4:46  Protoss Shields Level 1  
  34  4:52  Probe, Protoss Air Weapons Level 1 (Chrono Boost)  
  35  5:07  Pylon  
  35  5:11  Photon Cannon  
  36  5:21  Probe (Chrono Boost)  
  36  5:22  Pylon  
  36  5:26  Void Ray  
  40  5:29  Probe (Chrono Boost)  
  40  5:35  Probe  
  41  5:37  Photon Cannon  
  42  5:46  Photon Cannon  
  42  5:47  Probe  
  43  5:59  Probe  
  44  6:08  Fleet Beacon  
  44  6:11  Probe  
  44  6:16  Void Ray (Chrono Boost)  
  49  6:21  Void Ray (Chrono Boost)  
  49  6:24  Probe  
  54  6:30  Pylon  
  54  6:35  Pylon  
  54  6:36  Probe  
  54  6:38  Cybernetics Core  
  55  6:53  Void Ray (Chrono Boost)  
  59  6:56  Void Ray (Chrono Boost)  
  59  6:59  Unknown  
  63  7:27  Protoss Air Weapons Level 2 (Chrono Boost)  
  63  7:36  Void Ray (Chrono Boost)  
  71  7:40  Void Ray (Chrono Boost)  
  71  7:51  Protoss Air Armor Level 1  
  71  8:12  Void Ray  
  75  8:17  Void Ray  
  75  8:55  Void Ray  
  71  9:11  Void Ray  
  67  9:17  Photon Cannon  
  67  9:19  Photon Cannon  
  67  9:23  Photon Cannon  
  59  9:26  Photon Cannon  
  59  9:30  Pylon  
  59  9:32  Pylon  
  59  9:34  Pylon  
  59  9:38  Photon Cannon  
  63  9:45  Pylon, Void Ray (Chrono Boost)  
  63  9:51  Void Ray (Chrono Boost)  
  67  10:08  Stargate  
  67  10:16  Pylon  
  67  10:18  Pylon  
  71  10:24  Nexus  
  71  10:28  Void Ray (Chrono Boost)  
  71  10:30  Pylon  
  71  10:31  Assimilator  
  71  10:34  Assimilator  
  71  10:37  Pylon  
  71  10:40  Pylon  
  71  10:44  Pylon  
  77  10:52  Carrier (Chrono Boost)  
  83  11:01  Carrier (Chrono Boost)  
  83  11:16  Carrier (Chrono Boost)  
  89  11:38  Carrier (Chrono Boost)  
  95  11:46  Carrier (Chrono Boost)  
  101  11:56  Probe  
  102  12:02  Protoss Air Armor Level 2 (Chrono Boost)  
  102  12:03  Protoss Air Weapons Level 3 (Chrono Boost)  
  102  12:04  Probe  
  103  12:14  Probe  
  110  12:27  Probe, Carrier (Chrono Boost)  
  117  12:39  Probe  
  118  12:47  Carrier x2 (Chrono Boost)  
  118  12:51  Probe  
  131  13:32  Carrier (Chrono Boost)  
  131  13:35  Mothership (Chrono Boost)  
  131  13:37  Carrier  
  145  13:50  Carrier  
  157  14:38  Carrier (Chrono Boost)  
  163  14:49  Carrier (Chrono Boost)  
  163  14:51  Carrier (Chrono Boost)  
  175  15:35  Carrier  
  175  15:46  Carrier  
  181  15:59  Pylon  
Tags
 
Composition
Carriers
League
GoldGold
Matchup
PvP
Replay Pack
20200422
Spawn Locations
Cross Positions
Add a new tag
Caveats
  • Supply blocks, unpowered buildings, or Contaminate may cause inaccurate times.
  • Supply counts are checked every 10 seconds.